 Dungeon Crawl Stone Soup version 0.24-a0-779-g36f0aeb843 (webtiles) character file.

Game seed: 979770219443478252, levelgen mode: deterministic

79722 Peloso the Fencer (level 15, -23/139 HPs)
             Began as a Minotaur Fighter on Oct 8, 2019.
             Was the Champion of Okawaru.
             Killed from afar by a lich (34 damage)
             ... with an iron shot
             ... on level 12 of the Dungeon.
             The game lasted 01:00:51 (22593 turns).

Peloso the Fencer (Minotaur Fighter)               Turns: 22593, Time: 01:00:51

Health: -23/139    AC: 24    Str: 25    XL:     15   Next: 21%
Magic:  14/14      EV: 15    Int:  5    God:    Okawaru [******]
Gold:   2932       SH:  0    Dex: 21    Spells: 14/14 levels left

rFire    . . .     SeeInvis +   a - +6 scimitar "Uxoskis" {speed, SInv}
rCold    + . .     Gourm    +   c - +0 shield of Calculation {+Blink Dex+4}
rNeg     . . .     Faith    .   g - +4 chain mail
rPois    +         Spirit   .   (helmet restricted)
rElec    .         Reflect  .   U - +2 cloak {rPois}
rCorr    .         Harm     .   (no gloves)
MR       +....                  n - +2 pair of boots {Fly}
Stlth    ..........             h - amulet of the gourmand
HPRegen  0.33/turn              E - ring of ice
MPRegen  0.14/turn              F - ring of the Inquisitive Runes {rF+ Dex+5}

@: confused, lethally poisoned (-23 -> -23), flying, studying 2 skills, lightly
drained
A: retaliatory headbutt, horns 2
a: Heroism, Finesse, Renounce Religion, Evoke Blink, Stop Flying


You were on level 12 of the Dungeon.
You worshipped Okawaru.
Okawaru was exalted by your worship.
You were very full.

You visited 2 branches of the dungeon, and saw 18 of its levels.
You also visited: Ice Cave.

You collected 2932 gold pieces.

Inventory:

Hand Weapons
 a - the +6 scimitar "Uxoskis" (weapon) {speed, SInv}
   (Okawaru gifted it to you on level 10 of the Dungeon)

   Attacks with this weapon are significantly faster.
   It lets you see invisible.
 b - a +2 scimitar of flaming
Armour
 c - the +0 shield of Calculation (worn) {+Blink Dex+4}
   (Okawaru gifted it to you on level 3 of the Lair of Beasts)

   It affects your dexterity (+4).
   It lets you blink.
 g - a +4 chain mail (worn)
 m - a +0 pair of boots of running
 n - a +2 pair of boots of flying (worn)
 U - a +2 cloak of poison resistance (worn)
Jewellery
 h - an amulet of the gourmand (around neck)
 E - a ring of ice (left hand)
 F - the ring of the Inquisitive Runes (right hand) {rF+ Dex+5}
   (You found it on level 8 of the Dungeon)

   [ring of protection from fire]

   It affects your dexterity (+5).
   It protects you from fire.
Scrolls
 j - 5 scrolls of remove curse
 k - 3 scrolls of teleportation
 l - a scroll of identify
 o - a scroll of enchant armour
 s - 2 scrolls of magic mapping
 D - 2 scrolls of blinking
 R - a scroll of noise
 S - 2 scrolls of fear {unknown}
 T - 2 scrolls of vulnerability {unknown}
 X - a scroll of brand weapon {unknown}
Potions
 d - 3 potions of might
 e - 6 potions of flight
 i - 3 potions of cancellation
 p - a potion of agility
 t - 4 potions of heal wounds
 w - a potion of resistance
 x - 4 potions of berserk rage
 z - 8 potions of curing
 B - 7 potions of mutation
 C - 4 potions of brilliance
 G - 3 potions of ambrosia
 Q - 2 potions of haste
 Z - a potion of invisibility
Books
 v - a manual of Throwing
 O - a manual of Dodging
Miscellaneous
 q - a crystal ball of energy
 I - a lamp of fire
 J - a phantom mirror
 K - a phial of floods
 L - a lightning rod (4/4)
 W - a lightning rod (4/4)
Comestibles
 f - 58 rations


   Skills:
 + Level 14.8(14.2) Fighting
 + Level 16.9(16.2) Long Blades
 + Level 14.2(13.6) Armour
 + Level 9.2(8.6) Dodging
 + Level 1.3(0.8) Stealth
 + Level 15.8(15.2) Shields
 + Level 0.8(0.4) Invocations
 + Level 0.3(0.0) Evocations


You had 14 spell levels left.
You didn't know any spells.
Your spell library contained the following spells:

 Spells                   Type           Power        Failure   Level  Hunger
 Magic Dart               Conj           #...         92%         1    ##.....
 Summon Small Mammal      Summ           #...         92%         1    ##.....
 Blink                    Tloc           N/A          98%         2    ###....
 Call Imp                 Summ           #.......     98%         2    ###....
 Slow                     Hex            #.......     98%         2    ###....
 Call Canine Familiar     Summ           #.......     100%        3    ####...
 Conjure Flame            Conj/Fire      #.......     100%        3    ####...
 Ignite Poison            Fire/Tmut/Pois #.......     100%        3    ####...
 Mephitic Cloud           Conj/Pois/Air  #.......     100%        3    ####...
 Recall                   Summ/Tloc      N/A          100%        3    ####...
 Summon Guardian Golem    Hex/Summ       #.......     100%        3    ####...
 Summon Ice Beast         Ice/Summ       #.......     100%        4    #####..
 Summon Lightning Spire   Summ/Air       #.......     100%        4    #####..
 Aura of Abjuration       Summ           #.........   100%        5    ######.
 Fireball                 Conj/Fire      #.........   100%        5    ######.
 Summon Demon             Summ           #.........   100%        5    ######.
 Summon Forest            Summ/Tloc      #.........   100%        5    ######.
 Summon Mana Viper        Hex/Summ       #.......     100%        5    ######.
 Bolt of Fire             Conj/Fire      #.........   100%        6    #######
 Shadow Creatures         Summ           N/A          100%        6    #######
 Ring of Flames           Chrm/Fire      #.........   100%        7    #######
 Ignition                 Fire           #.........   100%        8    #######


Dungeon Overview and Level Annotations

Branches:
Dungeon (12/15)            Temple (0/1) D:4            Lair (6/6) D:8
  Swamp (0/4) Lair:2       Spider (0/4) Lair:2        Slime (0/5) Lair:5
    Orc (0/2) D:12          IceCv (visited)

Altars:
Ashenzari
Cheibriados
Elyvilon
Fedhas
Kikubaaqudgha
Okawaru
Qazlal
Ru
Trog
Uskayaw
Vehumet
Yredelemnul
Zin
The Shining One

Annotations:
D:4 exclusion: statue
D:12 1 runed translucent door, Deroc's ghost, journeyman FoVM
Lair:4 exclusion: 4 oklob plants


Innate Abilities, Weirdness & Mutations

You reflexively headbutt those who attack you in melee.
You have a pair of horns on your head.


Message History

The fire giant burns you.
* * * LOW HITPOINT WARNING * * *
The ogre mage hits you but does no damage.
The lich casts a spell at you.
You are more confused.
You feel much better.
The tengu reaver hits you with a +2 war axe of flaming!
* * * LOW HITPOINT WARNING * * *
The tengu reaver burns you.
* * * LOW HITPOINT WARNING * * *
The tengu reaver pecks you!
* * * LOW HITPOINT WARNING * * *
The tengu reaver claws you.
* * * LOW HITPOINT WARNING * * *
The skeletal warrior misses you.
The ogre mage hits you but does no damage.
The skeletal warrior misses you. The lich casts a spell at you.
The iron shot hits you!!
You die...

....<...#...#...#O..#..........#.
.......##.♣.#.⌠.#♣.##........###.
.......(##..#...#..#........####.
.........#+##.#.##)#.....###..###
..............#...............# #
........##...##...............# #
........##..###.W............##
.........##.#..zLCW..........##
.............*.Q@z#...........##
..............#O..##...........#
..............#...##.......#.###
................######....##.#
.................# ##.#.####
.................# #####
#..)........)>.###
.................#
#.........###...##


You could see a fire giant, a tengu reaver, a lich, 2 skeletal warriors, an ogre
mage, a wraith, a battlesphere and Deroc's ghost.

Vanquished Creatures
  A frost giant (IceCv)
  A fire dragon (Lair:6)
  A centaur warrior (D:11)
  9 hydras
  A death knight (D:11)
  3 two-headed ogres
  5 death yaks (Lair:3)
  3 lindwurms (Lair:6)
  An unseen horror (D:11)
  2 deep elf magi
  A necromancer (D:12)
  4 ugly things
  2 wolf spiders (Lair:6)
  2 cyclopes (D:11)
  2 manticores (D:11)
  5 black mambas
  8 elephants
  6 torpor snails
  2 centaur zombies
  3 ice statues (IceCv)
  13 spiny frogs
  2 rime drakes
  9 komodo dragons
  An efreet (D:11)
  A yaktaur (D:11)
  2 trolls (D:11)
  6 jumping spiders (Lair:2)
  4 tyrant leeches
  Prince Ribbit (D:9)
  9 hornets
  21 polar bears
  15 blink frogs
  Grinder (D:6)
  3 slime creatures (Lair:5)
  2 dream sheep
  11 hippogriffs
  Sigmund (D:3)
  A redback (Lair:2)
  A shadow (D:12)
  A centaur simulacrum (D:11)
  A vampire (D:12)
  3 basilisks
  57 yaks
  2 wyverns
  2 wraiths
  2 hungry ghosts (D:11)
  2 vampire mosquitoes (D:11)
  7 wargs
  2 swamp worms (Lair:2)
  15 water moccasins
  15 hell hounds (Lair:6)
  10 porcupines
  5 sky beasts
  13 black bears
  9 orc warriors
  4 necrophages
  3 phantoms
  8 ogres
  7 centaurs
  24 wolves
  Blork the orc (D:6)
  22 crocodiles
  26 bullfrogs
  4 big kobolds
  A wyvern zombie (D:10)
  A water moccasin skeleton (D:3)
  6 scorpions
  A wyvern skeleton (D:6)
  3 killer bees (D:11)
  20 wights
  4 howler monkeys
  A crimson imp (D:5)
  A bullfrog zombie (D:12)
  3 quasits (D:11)
  4 jellies
  7 hounds
  12 orc priests
  Ijyb (D:2)
  2 centaur skeletons
  6 bullfrog skeletons
  Terence (D:2)
  5 iguanas
  4 worker ants
  Natasha (twice) (D:2)
  15 orc wizards
  2 hound skeletons
  2 worker ant zombies
  A howler monkey zombie (D:8)
  4 gnolls (D:9)
  12 adders
  6 shadow imps
  An ooze (D:2)
  2 adder skeletons
  2 adder zombies (D:2)
  3 worms
  10 leopard geckos
  78 orcs
  2 ball pythons (D:1)
  8 bats
  4 giant cockroaches
  6 goblins
  6 hobgoblins
  14 jackals
  14 kobolds
  5 quokkas
  9 frilled lizards
  2 goblin skeletons (D:8)
  A hobgoblin zombie (D:8)
  A kobold skeleton (D:8)
  2 kobold zombies (D:8)
  3 orc skeletons (D:8)
  An orc zombie (D:8)
  A quokka zombie (D:5)
  2 rats
  2 fungi
  2 plants
719 creatures vanquished.

Vanquished Creatures (others)
  An orc wizard (D:10)
  A worker ant zombie (D:11)
  3 fungi
  21 plants
26 creatures vanquished.

Grand Total: 745 creatures vanquished

Notes
Turn   | Place    | Note
-------+----------+-------------------------------------------
     0 | D:1      | Peloso the Minotaur Fighter began the quest for the Orb.
     0 | D:1      | Reached XP level 1. HP: 19/19 MP: 0/0
   111 | D:1      | Reached XP level 2. HP: 27/27 MP: 1/1
   480 | D:1      | Reached XP level 3. HP: 31/33 MP: 2/2
   802 | D:2      | You fall into a shaft and drop 1 floor!
   823 | D:3      | Found a blossoming altar of Fedhas.
   976 | D:3      | Reached skill level 3 in Long Blades
  1086 | D:3      | Reached XP level 4. HP: 37/40 MP: 3/3
  1091 | D:3      | Reached skill level 1 in Dodging
  1169 | D:3      | Noticed Ijyb
  1171 | D:3      | Noticed Sigmund
  1371 | D:3      | Reached XP level 5. HP: 47/47 MP: 4/4
  1394 | D:2      | Killed Ijyb
  1394 | D:2      | Reached skill level 5 in Shields
  1610 | D:2      | Noticed a +0 hand axe
  1611 | D:2      | Noticed a +0 dagger
  1625 | D:2      | Found a hide-covered altar of Uskayaw.
  1788 | D:2      | Noticed Terence
  1788 | D:2      | Noticed Natasha
  1801 | D:2      | Killed Terence
  1801 | D:2      | Reached skill level 4 in Long Blades
  1806 | D:2      | Killed Natasha
  1845 | D:2      | Found a white marble altar of Elyvilon.
  2098 | D:2      | Noticed Natasha
  2103 | D:2      | Killed Natasha
  2103 | D:2      | Reached skill level 5 in Armour
  2103 | D:2      | Reached XP level 6. HP: 51/55 MP: 5/5
  2123 | D:2      | Found an ancient bone altar of Kikubaaqudgha.
  2131 | D:2      | Found a glowing silver altar of Zin.
  2136 | D:2      | Found a bloodstained altar of Trog.
  2540 | D:3      | Killed Sigmund
  2540 | D:3      | Reached skill level 5 in Fighting
  2540 | D:3      | Reached skill level 5 in Long Blades
  2826 | D:4      | Found a stormy altar of Qazlal.
  2871 | D:4      | Reached XP level 7. HP: 61/61 MP: 6/6
  3362 | D:4      | Found a staircase to the Ecumenical Temple.
  3533 | D:4      | Found a basalt altar of Yredelemnul.
  3554 | D:4      | Reached skill level 6 in Long Blades
  3634 | D:4      | Got a warped ring mail
  3645 | D:4      | Identified the +2 ring mail of Ream {MP+9} (You found it on
                  | level 4 of the Dungeon)
  3685 | D:4      | Found a radiant altar of Vehumet.
  4216 | D:5      | Entered Level 5 of the Dungeon
  4669 | D:5      | Reached skill level 7 in Long Blades
  4669 | D:5      | Reached XP level 8. HP: 43/70 MP: 7/7
  4890 | D:6      | Noticed Grinder
  4896 | D:6      | Paralysed by Grinder for 4 turns
  4909 | D:6      | Paralysed by Grinder for 7 turns
  4919 | D:6      | Killed Grinder
  4919 | D:6      | Reached skill level 8 in Long Blades
  5361 | D:6      | Found a sacrificial altar of Ru.
  5521 | D:6      | Reached skill level 9 in Long Blades
  5521 | D:6      | Reached XP level 9. HP: 58/78 MP: 8/8
  5959 | D:6      | Noticed Blork the orc
  5981 | D:6      | Killed Blork the orc
  6381 | D:7      | Found an iron altar of Okawaru.
  6390 | D:7      | Identified the +6 quarterstaff of Geciyd {drain, Dex+4
                  | Stlth+}
  6394 | D:7      | Became a worshipper of Warmaster Okawaru
  6490 | D:7      | Reached skill level 10 in Long Blades
  6496 | D:7      | Found a snail-covered altar of Cheibriados.
  6604 | D:7      | Found a shattered altar of Ashenzari.
  6857 | D:8      | Noticed a two-headed ogre
  6860 | D:8      | Reached * piety under Okawaru
  6907 | D:8      | Noticed a two-headed ogre
  6978 | D:8      | Killed a two-headed ogre
  6978 | D:8      | Reached ** piety under Okawaru
  6978 | D:8      | Reached skill level 11 in Long Blades
  6978 | D:8      | Reached XP level 10. HP: 87/88 MP: 7/9
  7132 | D:7      | Killed a two-headed ogre
  7315 | D:8      | Reached *** piety under Okawaru
  7443 | D:8      | Found a staircase to the Lair.
  7478 | D:8      | Found a glowing golden altar of the Shining One.
  7592 | D:8      | Got a heavily runed bone ring
  7995 | D:8      | Reached skill level 12 in Long Blades
  8145 | D:9      | Noticed a two-headed hydra
  8148 | D:9      | Killed a one-headed hydra
  8154 | D:9      | Reached **** piety under Okawaru
  8231 | D:9      | Reached XP level 11. HP: 49/97 MP: 7/10
  8662 | D:9      | Reached skill level 10 in Shields
  8684 | D:9      | Noticed Prince Ribbit
  8699 | D:9      | Killed Prince Ribbit
  8737 | D:9      | Noticed a two-headed ogre
  8750 | D:9      | Reached ***** piety under Okawaru
  8763 | D:9      | Killed a two-headed ogre
  9012 | D:10     | Entered Level 10 of the Dungeon
  9086 | D:10     | Reached skill level 13 in Long Blades
  9128 | D:10     | Identified the ring of the Inquisitive Runes {rF+ Dex+5}
                  | (You found it on level 8 of the Dungeon)
  9366 | D:10     | Reached skill level 10 in Armour
  9828 | D:10     | Received a gift from Okawaru
  9839 | D:10     | Got a shimmering scimitar {god gift}
  9840 | D:10     | Identified the +6 scimitar "Uxoskis" {speed, SInv} (Okawaru
                  | gifted it to you on level 10 of the Dungeon)
  9930 | D:11     | Noticed a cyan ugly thing
  9951 | D:10     | Killed a cyan ugly thing
  9951 | D:10     | Reached skill level 10 in Fighting
 10214 | D:11     | Noticed a centaur warrior
 10237 | D:11     | Noticed a deep elf mage
 10240 | D:11     | Killed a centaur warrior
 10240 | D:11     | Noticed a cyan ugly thing
 10242 | D:11     | Noticed a purple ugly thing
 10258 | D:11     | Killed a deep elf mage
 10258 | D:11     | Reached skill level 5 in Dodging
 10909 | D:10     | Killed a purple ugly thing
 10925 | D:11     | Reached skill level 14 in Long Blades
 10925 | D:11     | Reached XP level 12. HP: 71/107 MP: 8/11
 10950 | D:11     | Reached skill level 1 in Stealth
 11233 | D:11     | Found the +0 sword of Power
 11280 | D:11     | Noticed a death knight
 11322 | D:11     | Got a translucent glaive
 11323 | D:11     | Identified the +9 glaive of Honour {chop, rC++ Str-5 Int+3}
                  | (You found it on level 11 of the Dungeon)
 11372 | D:11     | Received a gift from Okawaru
 11383 | D:11     | Killed a death knight
 11395 | D:11     | Identified a +0 pair of boots of running (Okawaru gifted it
                  | to you on level 11 of the Dungeon)
 12336 | Lair:1   | Entered Level 1 of the Lair of Beasts
 12789 | Lair:1   | Reached ****** piety under Okawaru
 13463 | Lair:2   | Noticed an eight-headed hydra
 13476 | Lair:2   | Killed a five-headed hydra
 13505 | Lair:2   | Reached XP level 13. HP: 85/118 MP: 9/12
 13538 | Lair:2   | Reached skill level 15 in Long Blades
 13890 | Lair:2   | Found a hole to the Spider Nest.
 14183 | Lair:2   | Received a gift from Okawaru
 14694 | Lair:2   | Found a staircase to the Swamp.
 15309 | Lair:3   | Received a gift from Okawaru
 15343 | Lair:3   | Got a bloodstained shield {god gift}
 15349 | Lair:3   | Identified the +0 shield of Calculation {+Blink Dex+4}
                  | (Okawaru gifted it to you on level 3 of the Lair of Beasts)
 16490 | Lair:4   | Reached XP level 14. HP: 102/129 MP: 9/13
 17580 | Lair:5   | Found a staircase to the Slime Pits.
 17808 | Lair:6   | Entered Level 6 of the Lair of Beasts
 17828 | Lair:6   | Received a gift from Okawaru
 17879 | Lair:6   | Found a frozen archway.
 17891 | Lair:6   | Reached skill level 16 in Long Blades
 17941 | IceCv    | Entered an ice cave
 18687 | IceCv    | Noticed a frost giant
 18716 | IceCv    | Killed a frost giant
 19817 | Lair:6   | Reached skill level 15 in Shields
 20563 | Lair:6   | Received a gift from Okawaru
 20722 | Lair:6   | Found a runed translucent door.
 20781 | Lair:6   | Reached XP level 15. HP: 134/139 MP: 14/14
 22062 | D:12     | Found a staircase to the Orcish Mines.
 22238 | D:12     | Found a runed translucent door.
 22239 | D:12     | Noticed a fire giant
 22250 | D:12     | Found a runed translucent door.
 22254 | D:12     | Noticed a lich
 22254 | D:12     | Noticed a tengu reaver
 22255 | D:12     | Noticed Deroc's ghost (journeyman FoVM)
 22593 | D:12     | Killed from afar by a lich

Levels and vault maps discovered:
D:1:      eino_arrival_water_star, layout_basic, chequers_hall_statues_corner_a
D:2:      layout_basic, lemuel_round_altar, minmay_overflow_temple_star_quad,
          dancing_weapons_uskayaw, minmay_misc_feat_pillars, uniq_terence,
          uniq_natasha
D:3:      layout_basic, fedhas_altar_1, uniq_sigmund, uniq_ijyb
D:4:      layout_layer_cave, vehumet_statue, nicolae_qazlal_general_emergency,
          nicolae_overflow_crystal_walls, minmay_temple_entry_slanted
D:5:      layout_rooms, first_ration, kennysheep_boxes
D:6:      layout_cave_pods, kennysheep_little_box, grunt_ministairs_6,
          glass_columns_b, kennysheep_pointless_box, minmay_manual_monolith,
          uniq_grinder, uniq_blork_the_orc
D:7:      layout_rooms, lemuel_coloured_pillars_altar, cheibriados_altar_1,
          basic_altar
D:8:      layout_basic, nicolae_tso_besieged_by_evil, david_lair_shrubbed,
          supply_closet_lemuel, chequers_serial_rivers_micro_b
D:9:      layout_rooms, serial_glass, glass_columns_a, glass_columns_c,
          glass_columns_a, glass_columns_a, glass_columns_b, glass_columns_a,
          glass_columns_b, glass_columns_c, glass_columns_a, glass_columns_a,
          glass_columns_c, glass_columns_b, glass_columns_b, glass_columns_a,
          hangedman_ranch [blue_anna_fruit_fields], uniq_prince_ribbit1
D:10:     layout_grid_maze, st_stairs_1
D:11:     minmay_the_grid_square_5x5_4x4 [minmay_the_grid_square_5x5_inset,
          minmay_the_grid_square_5x5_intrusive_squares,
          minmay_the_grid_square_5x5_almost_minimal,
          minmay_the_grid_square_5x5_three, minmay_the_grid_square_5x5_meh,
          minmay_the_grid_square_5x5_prize_gold,
          minmay_the_grid_square_5x5_prize_rear_guard,
          minmay_the_grid_square_5x5_tri_point, minmay_the_grid_square_5x5_mess,
          minmay_the_grid_square_5x5_prize_snowflake,
          minmay_the_grid_square_5x5_prize_waves,
          minmay_the_grid_square_5x5_pentomino_r,
          minmay_the_grid_square_5x5_half_checkered,
          minmay_the_grid_square_5x5_moneybag, minmay_the_grid_square_5x5_plus,
          minmay_the_grid_square_5x5_six_small], layout_irregular_city
D:12:     layout_cave_pools, david_orc_3, muffindrake_ghost_dual_entry
Lair:1:   layout_chaotic_city, beast_lair_carwin_4
Lair:2:   layout_regular_city, palyth_hydra_swamp_entry,
          nicolae_spider_entry_tight_spaces, beast_lair_carwin_7
Lair:3:   layout_hall_layers, serial_bayou_shore_b, lemuel_fruit_tree,
          grunt_megastairs_3, lemuel_fruit_fields
Lair:4:   layout_cave_pods, chequers_serial_rivers_micro_b,
          minmay_lair_oklob_chamber
Lair:5:   layout_regular_city, minmay_slime_entry_pillars, grunt_megastairs_4
Lair:6:   hangedman_lair_caniforms_friends, layout_regular_city, wormcave,
          portal_ice_cave_entry_pillars_1

Skill      XL: |  1  2  3  4  5  6  7  8  9 10 11 12 13 14 15 |
---------------+----------------------------------------------+-----
Fighting       | 4 5 6 8 9 10 12 13 14 | 14.8
Armour         | 4 5 7 8 9 10 11 13 14 | 14.2
Shields        | 4 5 6 7 8 9 11 12 13 15 | 15.8
Long Blades    | 3 4 5 7 9 11 12 14 15 16 | 16.9
Dodging        | 1 2 4 5 6 7 8 9 |  9.2
Stealth        | 1 |  1.3
Invocations    | |  0.8
Evocations     | |  0.3

Action                   |  1- 3 |  4- 6 |  7- 9 | 10-12 | 13-15 || total
-------------------------+-------+-------+-------+-------+-------++-------
Melee: Long sword        |    92 |   130 |   384 |   105 |       ||   711
       Headbutt          |    15 |    16 |    75 |   208 |   425 ||   739
       Falchion          |       |       |       |   288 |       ||   288
       Scimitar          |       |       |       |   391 |  1160 ||  1551
Invok: Heroism           |       |       |     1 |     3 |     4 ||     8
Evoke: Wand              |       |       |       |       |     3 ||     3
  Use: Scroll            |       |       |     7 |    14 |     7 ||    28
       Potion            |       |       |     1 |       |     5 ||     6
  Eat: Chunk             |       |     5 |    18 |    26 |    27 ||    76
Armor: Scale mail        |    47 |    47 |    83 |       |       ||   177
       Chain mail        |       |       |    50 |   199 |   314 ||   563
Dodge: Dodged            |    43 |    47 |   100 |   187 |   410 ||   787
Block: Shield            |    50 |    55 |   155 |   460 |   669 ||  1389
       Rpst.: Long sword |    10 |    15 |    29 |     6 |       ||    60
       Falchion          |       |       |       |    20 |       ||    20
       Scimitar          |       |       |       |    25 |    92 ||   117

Table legend:
 A = Non-vault XP
 B = Vault XP
 C = Vault XP percentage of total XP
 D = Non-vault monster count
 E = Vault monster count
 F = Vault count percentage of total count
                 A         B        C        D         E       F
            +---------+---------+-------+---------+---------+-------
      Total |   59854 |   54035 |  47.4 |     479 |     236 |  33.0
            +---------+---------+-------+---------+---------+-------
        D:1 |      44 |       0 |   0.0 |      26 |       0 |   0.0
        D:2 |     100 |     110 |  52.4 |      25 |       3 |  10.7
        D:3 |     200 |     227 |  53.2 |      25 |       1 |   3.8
        D:4 |     252 |       0 |   0.0 |      19 |       0 |   0.0
        D:5 |     562 |       0 |   0.0 |      20 |       0 |   0.0
        D:6 |     963 |     659 |  40.6 |      24 |      11 |  31.4
        D:7 |    1599 |       0 |   0.0 |      12 |       0 |   0.0
        D:8 |    3066 |    1232 |  28.7 |      35 |      17 |  32.7
        D:9 |    3597 |    1599 |  30.8 |      40 |       4 |   9.1
       D:10 |    1988 |    1301 |  39.6 |      38 |       5 |  11.6
       D:11 |    2787 |    9139 |  76.6 |      46 |      30 |  39.5
       D:12 |    2514 |    1354 |  35.0 |      24 |      10 |  29.4
     Lair:1 |    4432 |     735 |  14.2 |      21 |       7 |  25.0
     Lair:2 |    4058 |    6299 |  60.8 |      14 |      20 |  58.8
     Lair:3 |    8021 |     193 |   2.3 |      21 |       2 |   8.7
     Lair:4 |   11558 |    1769 |  13.3 |      41 |       5 |  10.9
     Lair:5 |    1850 |    2216 |  54.5 |       8 |      10 |  55.6
     Lair:6 |   12263 |   17511 |  58.8 |      40 |      75 |  65.2
      IceCv |       0 |    9691 | 100.0 |       0 |      36 | 100.0
            +---------+---------+-------+---------+---------+-------
